 Dungeon Crawl Stone Soup version 0.31-a0-920-g28cbb04a8c (webtiles) character file.

Game seed: 16554601256705847137

176 Gergoth the Chopper (level 5, -2/48 HPs)
             Began as a Hill Orc Monk on Oct 17, 2023.
             Succumbed to a scorpion's poison
             ... on level 4 of the Dungeon.
             The game lasted 00:02:43 (3011 turns).

Gergoth the Chopper (Hill Orc Monk)                 Turns: 3011, Time: 00:02:43

Health: -2/48      AC:  3    Str: 16    XL:     5   Next: 56%
Magic:  5/5        EV: 12    Int: 10    God:
Gold:   71         SH:  0    Dex: 13    Spells: 4/4 levels left

rFire   . . .        a - +0 hand axe
rCold   . . .        d - orb {light}
rNeg    . . .        b - +0 robe
rPois   .            p - +0 helmet
rElec   .            (no cloak)
rCorr   .            (no gloves)
SInv    .            (no boots)
Will    .....        (no amulet)
Stlth   +            (no ring)
HPRegen 0.28/turn    (no ring)
MPRegen 0.09/turn

%: no passive effects
@: lethally poisoned (-2 -> -21), glowing
A: no striking features
a: no special abilities


You were on level 4 of the Dungeon.
You visited 1 branch of the dungeon, and saw 4 of its levels.

You collected 115 gold pieces.
You spent 44 gold pieces at shops.

Inventory:

Hand Weapons
 a - a +0 hand axe (weapon)
Armour
 b - a +0 robe (worn)
 d - an orb of light (worn)
 i - a +0 buckler
 p - a +0 helmet (worn)
Wands
 l - a wand of mindburst (12)
Scrolls
 f - a scroll of vulnerability {unknown}
 h - a scroll of butterflies
 m - a scroll of identify {unknown}
 o - a scroll of teleportation {unknown}
Potions
 c - 2 potions of ambrosia
 e - a potion of invisibility {unknown}
 g - 2 potions of curing {unknown}
 j - a potion of heal wounds {unknown}
 k - a potion of might {unknown}
 n - a potion of attraction {unknown}


   Skills:
 * Level 5.1 Fighting
 * Level 5.6 Axes
 + Level 2.0 Armour
 + Level 3.0 Dodging


You had 4 spell levels left.
You didn't know any spells.
Your spell library contained the following spells:

 Spells                   Type           Power      Damage    Failure   Level
 Shock                    Conj/Air       0%         1d3       36%         1
 Swiftness                Air            0%         N/A       75%         3
 Airstrike                Air            0%         2d(0-16)  98%         4


Dungeon Overview and Level Annotations

Branches:
Dungeon (4/15)
 Temple: D:4-7

Altars:
Okawaru

Shops:
D:2 ?


Message History

The scorpion is lightly wounded.
The scorpion stings you.
You are poisoned.
The scorpion poisons you!
The scorpion stings you but does no damage.
You slash the scorpion!
The scorpion is heavily wounded.
You feel very sick. The scorpion stings you.
You are more poisoned.
The scorpion poisons you!
You hit the scorpion.
The scorpion is almost dead.
You feel very sick. The scorpion stings you.
You are more poisoned.
The scorpion poisons you!
You barely miss the scorpion.
The scorpion is almost dead.
You feel very sick. The scorpion stings you.
You are more poisoned.
The scorpion poisons you!
You are too injured to fight recklessly!
You are too injured to fight recklessly!
You are too injured to fight recklessly!
You barely miss the scorpion.
The scorpion is almost dead.
* * * LOW HITPOINT WARNING * * *
You feel extremely sick. The scorpion barely misses you. x2
You hit the scorpion but do no damage.
The scorpion is almost dead.
* * * LOW HITPOINT WARNING * * *
You feel very sick. The scorpion stings you.
* * * LOW HITPOINT WARNING * * *
You hit the scorpion but do no damage.
The scorpion is almost dead.
You die...

#.# #..# #.# #.## #.#
#.# #.# #.# ## #.#
#.#
##.###########.###.#
#..................#
##(...###############
#....@# #....s#
#..#....# ....#...#
.....#..# ......###
######


You could see a scorpion.

Vanquished Creatures
  A jelly (D:4)
  Robin (D:4)
  4 adders
  2 worms
  3 dart slugs
  9 ball pythons
  5 bats
  6 endoplasms
  4 giant cockroaches
  8 goblins
  7 hobgoblins
  3 jackals (D:1)
  3 quokkas (D:2)
  17 frilled lizards
  8 kobolds
  3 rats
84 creatures vanquished.

Notes
Turn   | Place    | Note
-------+----------+-------------------------------------------
     0 | D:1      | Gergoth the Hill Orc Monk began the quest for the Orb.
     0 | D:1      | Reached XP level 1. HP: 19/19 MP: 1/1
    79 | D:1      | Reached XP level 2. HP: 17/27 MP: 2/2
  1076 | D:2      | Reached XP level 3. HP: 33/33 MP: 3/3
  1129 | D:2      | Reached skill level 1 in Armour
  1345 | D:2      | Found Zecregur's Magic Scroll Emporium.
  1350 | D:2      | Bought a scroll of butterflies for 44 gold pieces
  1619 | D:2      | Reached skill level 5 in Axes
  1619 | D:2      | Reached XP level 4. HP: 34/41 MP: 4/4
  2486 | D:3      | Found an iron altar of Okawaru.
  2547 | D:3      | Reached XP level 5. HP: 44/47 MP: 5/5
  2679 | D:4      | Reached skill level 5 in Fighting
  2834 | D:4      | Noticed Robin
  2852 | D:4      | Killed Robin
  3011 | D:4      | Succumbed to a scorpion's poison

Illustrated notes

Levels and vault maps discovered:
D:1:      psy_arrival_dodecagon, layout_basic, grunt_decor_mini_mirrors,
          minivault_27
D:2:      layout_loops_ring, serial_shops, nicolae_shop_stone
D:3:      layout_rooms, okawaru_ov_weapons_minmay, minmay_lizard_king
D:4:      layout_loops_ring, hangedman_decor_slide_cut, uniq_robin

Skill      XL: |  1  2  3  4  5 |
---------------+----------------+-----
Fighting       | 4 5 |  5.1
Armour         | 1 2 |  2.0
Axes           | 5 |  5.6
Dodging        | 3 |  3.0

Action                     |  1- 3 |  4- 6 || total
---------------------------+-------+-------++-------
  Melee: Hand axe          |   110 |   137 ||   247
   Stab: Sleeping          |     1 |       ||     1
 Armour: Robe              |    47 |    63 ||   110
  Dodge: Dodged            |    81 |    64 ||   145

Table legend: (Time is in decaauts)
 A = Elapsed time spent in this place.
 B = Non-inter-level travel time spent in this place.
 C = Inter-level travel time spent in this place.
 D = Time resting spent in this place.
 E = Time spent auto-exploring this place.
 F = Levels seen in this place.
 G = Mean time per level.
                   A        B        C        D        E       F      G
               +--------+--------+--------+--------+--------+-----+--------+
         Total |   3023 |   2970 |     53 |    104 |   2394 |   4 |  755.8 |
       Dungeon |   3023 |   2970 |     53 |    104 |   2394 |   4 |  755.8 |
               +--------+--------+--------+--------+--------+-----+--------+

Top non-repeatable levels by time:
     D:1: 1018 daAuts
     D:3: 844 daAuts
     D:2: 810 daAuts
     D:4: 350 daAuts
